 Dungeon Crawl Stone Soup version 0.26.0-10-g1f06aea511 (console) character file.

Game seed: 15239931969628142587

42 doot the Grave Robber (level 3, -3/19 HPs)
             Began as a Deep Elf Necromancer on Feb 4, 2021.
             Slain by a white imp (5 damage)
             ... on level 3 of the Dungeon.
             The game lasted 00:01:55 (1390 turns).

doot the Grave Robber (Deep Elf Necromancer)        Turns: 1390, Time: 00:01:55

Health: -3/19      AC:  3    Str:  5    XL:     3   Next: 33%
Magic:  10/10      EV: 13    Int: 20    God:
Gold:   59         SH:  0    Dex: 15    Spells: 4/9 levels left

rFire    . . .     SeeInvis .   h - +1 dagger (venom)
rCold    . . .     Faith    .   (no shield)
rNeg     . . .     Spirit   .   a - +0 robe
rPois    .         Reflect  .   (no helmet)
rElec    .         Harm     .   (no cloak)
rCorr    .         Rampage  .   e - +0 pair of gloves
Will     .....                  (no boots)
Stlth    ++........             (no amulet)
HPRegen  0.06/turn              (no ring)
MPRegen  0.12/turn              (no ring)

@: no status effects
A: no striking features
a: no special abilities


You were on level 3 of the Dungeon.
You visited 1 branch of the dungeon, and saw 4 of its levels.

You collected 59 gold pieces.

Inventory:

Hand Weapons
 h - a +1 dagger of venom (weapon)
Missiles
 j - 3 curare-tipped darts
Armour
 a - a +0 robe (worn)
 e - a +0 pair of gloves (worn)
Scrolls
 c - a scroll of enchant weapon {unknown}
 g - a scroll of amnesia {unknown}
 k - a scroll of remove curse {unknown}
 l - 2 scrolls of random uselessness {unknown}
Potions
 b - a potion of brilliance {unknown}
 d - 2 potions of might {unknown}
 f - a potion of curing {unknown}
 i - a potion of resistance {unknown}


   Skills:
 + Level 2.5 Dodging
 + Level 2.6 Stealth
 + Level 3.8 Spellcasting
 + Level 5.7 Necromancy


You had 4 spell levels left.
You knew the following spells:

 Your Spells              Type           Power        Failure   Level
a - Pain                  Necr           100%         1%          1
b - Animate Skeleton      Necr           52%          1%          1
c - Vampiric Draining     Necr           13%          3%          3

Your spell library contained the following spells:

 Spells                   Type           Power        Failure   Level
 Animate Dead             Necr           13%          12%         4
 Magic Dart               Conj           12%          13%         1
 Blink                    Tloc           N/A          21%         2
 Call Imp                 Summ           3%           21%         2
 Slow                     Hex            3%           21%         2
 Conjure Flame            Conj/Fire      3%           36%         3
 Mephitic Cloud           Conj/Pois/Air  3%           36%         3
 Agony                    Necr           26%          34%         5


Dungeon Overview and Level Annotations

Branches:
Dungeon (4/15)
 Temple: D:4-7

Altars:


Message History

The white imp is heavily wounded.
The white imp barely misses you.
You barely miss the white imp.
The white imp is heavily wounded.
The white imp closely misses you.
You hit the white imp but do no damage.
The white imp is moderately wounded.
The white imp misses you.
You hit the white imp but do no damage.
The white imp is moderately wounded.
The white imp shouts, "Run away, thou froward nose-picking bloater!"
The white imp gestures at you. The puff of frost hits you.
* * * LOW HITPOINT WARNING * * *
You hit the white imp but do no damage.
The white imp is poisoned.
The white imp is moderately wounded.
The white imp hits you.
* * * LOW HITPOINT WARNING * * *
The white imp freezes you.
You die...

########## .....>...#
########<#
#.##################
#........@5....(...#######
###############(.........#
#....(.....###.#
##########.)##.##.#.#
#####............#.##.#.#
.............).#..)##.#.#
#.........##..#...##.#.#
#....#............##.#.# #
#....#.##.##...........#
..#....#.##.##..(.#.######
....................#


You could see a white imp (very poisoned).

Vanquished Creatures
  An adder (D:2)
  A worm (D:2)
  A dart slug (D:2)
  2 goblins
  2 hobgoblins (D:3)
  4 jackals
  2 quokkas
  A bat (D:2)
  3 kobolds
  A rat (D:3)
18 creatures vanquished.

Vanquished Creatures (collateral kills)
  An adder (D:3)
1 creature vanquished.

Grand Total: 19 creatures vanquished

Notes
Turn   | Place    | Note
-------+----------+-------------------------------------------
     0 | D:1      | doot the Deep Elf Necromancer began the quest for the Orb.
     0 | D:1      | Reached XP level 1. HP: 10/10 MP: 6/6
    66 | D:1      | Learned a level 1 spell: Animate Skeleton
    94 | D:2      | Reached skill level 5 in Necromancy
   159 | D:2      | Reached XP level 2. HP: 11/15 MP: 4/8
  1107 | D:3      | Reached XP level 3. HP: 14/19 MP: 3/9
  1304 | D:3      | Learned a level 3 spell: Vampiric Draining
  1390 | D:3      | Slain by a white imp

Illustrated notes

Levels and vault maps discovered:
D:1:      dpeg_arrival_pits, layout_rooms, interstate_on_off,
          minmay_misc_feat_diagonals
D:2:      wad_lake_hut, layout_loops_ring, amcnicky_mini_pool_small
D:3:      layout_loops_ring, lemuel_coloured_pillars_altar, lemuel_doored_altar,
          uniq_sigmund
D:4:      layout_loops_cross, minmay_temple_entry_junction_2,
          grunt_ministairs_6, dk_xom_monty_hall

Skill      XL: |  1 |
---------------+----+-----
Necromancy     | 5 |  5.7
Dodging        | |  2.5
Stealth        | |  2.6
Spellcasting   | |  3.8

Action                   || total
-------------------------++-------
Melee: Dagger            ||     8
 Cast: Pain              ||    41
       Animate Skeleton  ||     5
Armor: Robe              ||     6
Dodge: Dodged            ||    22
